 Dungeon Crawl Stone Soup version 0.25-a0-253-g6f1b5d974a (webtiles) character file.

Game seed: 18346794108856885370, levelgen mode: classic

54 Borgoz the Skirmisher (level 3, -6/33 HPs)
             Began as a Hill Orc Monk on Dec 5, 2019.
             Mangled by a killer bee (7 damage)
             ... on level 3 of the Dungeon.
             The game lasted 00:01:56 (1812 turns).

Borgoz the Skirmisher (Hill Orc Monk)               Turns: 1812, Time: 00:01:57

Health: -6/33      AC:  6    Str: 14    XL:     3   Next: 91%
Magic:  3/3        EV: 13    Int: 10    God:
Gold:   148        SH:  0    Dex: 13    Spells: 2/2 levels left

rFire    . . .     SeeInvis .   a - +0 falchion
rCold    . . .     Gourm    .   (no shield)
rNeg     . . .     Faith    .   b - +0 robe
rPois    .         Spirit   .   o - +2 hat
rElec    .         Reflect  .   (no cloak)
rCorr    .         Harm     .   i - +1 pair of gloves
MR       .....                  (no boots)
Stlth    ++........             (no amulet)
HPRegen  0.11/turn              (no ring)
MPRegen  0.08/turn              (no ring)

@: lethally poisoned (-6 -> -9)
A: no striking features
a: no special abilities


You were on level 3 of the Dungeon.
You were not hungry.

You visited 1 branch of the dungeon, and saw 3 of its levels.

You collected 148 gold pieces.

Inventory:

Hand Weapons
 a - a +0 falchion (weapon)
Armour
 b - a +0 robe (worn)
 i - a +1 pair of gloves (worn)
 o - a +2 hat (worn)
Scrolls
 d - 2 scrolls of identify {unknown}
 f - 5 scrolls of remove curse {unknown}
 h - a scroll of teleportation {unknown}
 j - a scroll of enchant armour {unknown}
 k - a scroll of magic mapping {unknown}
 l - 2 scrolls of amnesia {unknown}
 m - 2 scrolls of fog {unknown}
Potions
 g - a potion of might
Comestibles
 c - 6 rations
 q - a chunk of flesh


   Skills:
 + Level 4.2 Fighting
 + Level 3.7 Long Blades
 * Level 3.2 Dodging
 - Level 1.5 Stealth


You had 2 spell levels left.
You didn't know any spells.
Your spell library was empty.

Dungeon Overview and Level Annotations

Branches:
Dungeon (3/15)

Altars:
Uskayaw


Message History

It was a potion of cancellation.
Your magical effects are unravelling.
You feel magically purged.
Your magical contamination has completely faded away.
You flicker back into view.
You feel a little less mighty now.
You feel a little less clever now. The killer bee stings you.
* * * LOW HITPOINT WARNING * * *
The killer bee closely misses you.
You miss the killer bee.
The killer bee is severely wounded.
* * * LOW HITPOINT WARNING * * *
You feel sick. The killer bee closely misses you.
The killer bee barely misses you.
You riposte.
You miss the killer bee.
The killer bee is severely wounded.
The killer bee stings you but does no damage.
You closely miss the killer bee.
The killer bee is severely wounded.
The killer bee stings you!
You die...

####...........###.#.#
......................
####......###.8.....
#.รท...)..........
#<......##.8.....
##(......##....!)%
#.....##....8..._.
##..####y#.....###
#....@yy####.....
#.####### ##.. #.# #
#.# #.# ... ... ..


You could see 3 killer bees.

Vanquished Creatures
  An adder (D:2)
  A gnoll (D:1)
  A dart slug (D:1)
  A leopard gecko (D:1)
  An orc (D:3)
  5 giant cockroaches
  5 hobgoblins
  A quokka (D:2)
  6 bats
  2 frilled lizards
  5 goblins
  2 rats (D:2)
31 creatures vanquished.

Notes
Turn   | Place    | Note
-------+----------+-------------------------------------------
     0 | D:1      | Borgoz the Hill Orc Monk began the quest for the Orb.
     0 | D:1      | Reached XP level 1. HP: 19/19 MP: 1/1
   298 | D:1      | Reached XP level 2. HP: 21/27 MP: 2/2
   471 | D:1      | Reached skill level 4 in Fighting
  1002 | D:2      | Reached XP level 3. HP: 32/33 MP: 3/3
  1800 | D:3      | Found a hide-covered altar of Uskayaw.
  1800 | D:3      | Noticed a killer bee
  1800 | D:3      | Noticed a killer bee
  1800 | D:3      | Noticed a killer bee
  1802 | D:3      | Noticed a killer bee
  1811 | D:3      | HP: 1/33 [poisoned by a killer bee]
  1812 | D:3      | Mangled by a killer bee

Levels and vault maps discovered:
D:1:      psy_arrival_dodecagon, layout_basic, serial_rivers,
          chequers_serial_rivers_large_a, chequers_serial_rivers_small_a,
          chequers_serial_rivers_marsh, chequers_serial_rivers_micro_e,
          chequers_serial_rivers_small_3, chequers_serial_rivers_micro_d,
          serial_bayou_ford_a
D:2:      layout_basic
D:3:      layout_basic, ashenzari_conservatory_becter,
          eat_drink_and_be_merry_uskayaw

Skill      XL: |  1  2  3 |
---------------+----------+-----
Fighting       | 4 |  4.2
Dodging        | 3 |  3.2
Long Blades    | |  3.7
Stealth        | |  1.5

Action                   || total
-------------------------++-------
Melee: Falchion          ||    94
  Use: Potion            ||     4
 Stab: Sleeping          ||     2
  Eat: Chunk             ||     3
Armor: Robe              ||    33
Dodge: Dodged            ||    82
       Rpst.: Falchion   ||    29

Table legend:
 A = Non-vault XP
 B = Vault XP
 C = Vault XP percentage of total XP
 D = Non-vault monster count
 E = Vault monster count
 F = Vault count percentage of total count
                 A         B        C        D         E       F
            +---------+---------+-------+---------+---------+-------
      Total |      78 |       0 |   0.0 |      31 |       0 |   0.0
            +---------+---------+-------+---------+---------+-------
        D:1 |      33 |       0 |   0.0 |      12 |       0 |   0.0
        D:2 |      37 |       0 |   0.0 |      15 |       0 |   0.0
        D:3 |       8 |       0 |   0.0 |       4 |       0 |   0.0
            +---------+---------+-------+---------+---------+-------
